 Dungeon Crawl Stone Soup version 0.28-a0-823-gb444dcf96d (webtiles) character file.

Game seed: 15345630873154252614

58 siradein the Skirmisher (level 4, -7/40 HPs)
             Began as a Ghoul Monk on Nov 10, 2021.
             Mangled by a gnoll (11 damage)
             ... on level 2 of the Dungeon.
             The game lasted 00:01:46 (1499 turns).

siradein the Skirmisher (Ghoul Monk)                Turns: 1499, Time: 00:01:47

Health: -7/40      AC:  2    Str: 14    XL:     4   Next: 2%
Magic:  3/3        EV: 12    Int:  5    God:
Gold:   53         SH:  0    Dex: 12    Spells: 3/3 levels left

rFire   . . .      SeeInvis .     - Unarmed
rCold   + . .      Faith    .   (no shield)
rNeg    + + +      Spirit   .   a - +0 robe
rPois   ∞          Reflect  .   (no helmet)
rElec   .          Harm     .   (no cloak)
rCorr   .          Rampage  .   (no gloves)
Will    .....                   (no boots)
Stlth   ++........              (no amulet)
HPRegen 0.00/turn               (no ring)
MPRegen 0.08/turn               (no ring)

@: inhibited regen
A: claws 1, cold resistance 1, negative energy resistance 3, inhibited
regeneration, torment resistance 2
a: no special abilities


You were on level 2 of the Dungeon.
You visited 1 branch of the dungeon, and saw 2 of its levels.

You collected 53 gold pieces.

Inventory:

Missiles
 f - 14 poisoned darts (quivered)
Armour
 a - a +0 robe (worn)
Scrolls
 c - a scroll of blinking {unknown}
Potions
 b - 3 potions of heal wounds {unknown}
 d - 2 potions of magic {unknown}
 e - 2 potions of berserk rage {unknown}


   Skills:
 + Level 4.1 Fighting
 + Level 3.3 Dodging
 - Level 2.1 Stealth
 + Level 4.0 Unarmed Combat


You had 3 spell levels left.
You didn't know any spells.
Your spell library was empty.

Dungeon Overview and Level Annotations

Branches:
Dungeon (2/15)

Altars:


Innate Abilities, Weirdness & Mutations

You thrive by killing the living.
You are immune to poison.
You have sharp fingernails.
Your flesh is cold resistant. (rC+)
You are immune to negative energy. (rN+++)
You do not regenerate when monsters are visible.
You are immune to unholy pain and torment.


Message History

The gnoll is severely wounded.
The gnoll hits you with a +0 whip.
You scratch the gnoll but do no damage.
The gnoll is severely wounded.
The gnoll hits you with a +0 whip.
You are too injured to fight recklessly!
You are too injured to fight recklessly!
You are too injured to fight recklessly!
You claw the gnoll!
You kill the gnoll!
You feel better.
Your Unarmed Combat skill increases to level 4!
You have reached level 4!
You scratch the gnoll but do no damage. The gnoll hits you with a +0 flail.
You closely miss the gnoll. The gnoll closely misses you.
You scratch the gnoll.
The gnoll is lightly wounded.
The gnoll hits you with a +0 flail!
* * * LOW HITPOINT WARNING * * *
You claw the gnoll!
The gnoll is severely wounded.
The gnoll hits you with a +0 flail!
* * * LOW HITPOINT WARNING * * *
You barely miss the gnoll.
The gnoll is severely wounded.
The gnoll closely misses you.
You see here a ball python corpse.
There is an open door here.
Found a hunting sling.
There is an open door here.
You see here a +0 whip.
There is an open door here.
You see here a ball python corpse.
There is an open door here.
There is an open door here.
You see here a +0 whip.
There is an open door here.
There is a stone staircase leading up here.
The gnoll hits you with a +0 flail!
You die...

#..#...........#.##
#.#................
#.......g....#
###....#####.# #
#....')..#.# .#
#....###.#.#+#.#
#.#.g....#g....#
#.#####†.#.....#
#.......@#.....#
.......g##.....#
........'g.....#
........###....#
......... ..#.#
######### ###...
###


You could see a gnoll.

Vanquished Creatures
  2 gnolls
  A dart slug (D:1)
  6 ball pythons
  3 endoplasms
  A giant cockroach (D:1)
  6 goblins (D:1)
  2 hobgoblins (D:1)
  4 jackals (D:1)
  2 kobolds (D:1)
  2 quokkas (D:1)
  A frilled lizard (D:1)
  2 rats (D:1)
32 creatures vanquished.

Notes
Turn   | Place    | Note
-------+----------+-------------------------------------------
     0 | D:1      | siradein the Ghoul Monk began the quest for the Orb.
     0 | D:1      | Reached XP level 1. HP: 19/19 MP: 0/0
   265 | D:1      | Reached XP level 2. HP: 26/26 MP: 1/1
   510 | D:1      | Found a faded altar of an unknown god.
   520 | D:1      | Reached XP level 3. HP: 26/33 MP: 2/2
  1403 | D:2      | Reached XP level 4. HP: 22/40 MP: 3/3
  1406 | D:2      | HP: 2/40 [gnoll (9)]
  1499 | D:2      | Mangled by a gnoll

Illustrated notes

Levels and vault maps discovered:
D:1:      giann_wishing_wells, layout_loops_corners,
          dreamdust_ecumenical_altar_hidden_monk_grotto
D:2:      layout_basic, basic_altar

Skill      XL: |  1  2  3 |
---------------+----------+-----
Dodging        | 3 |  3.3
Fighting       | 4 |  4.1
Unarmed Combat | 4 |  4.0
Stealth        | |  2.1

Action                   |  1- 3 |  4- 6 || total
-------------------------+-------+-------++-------
Melee: Unarmed           |    89 |     5 ||    94
 Stab: Sleeping          |     4 |       ||     4
Armor: Robe              |     6 |       ||     6
Dodge: Dodged            |    50 |     2 ||    52

Table legend: (Time is in decaauts)
 A = Elapsed time spent in this place.
 B = Non-inter-level travel time spent in this place.
 C = Inter-level travel time spent in this place.
 D = Time resting spent in this place.
 E = Time spent auto-exploring this place.
 F = Levels seen in this place.
 G = Mean time per level.
                   A        B        C        D        E       F      G
               +--------+--------+--------+--------+--------+-----+--------+
         Total |   1494 |   1420 |     74 |      0 |   1137 |   2 |  747.0 |
       Dungeon |   1494 |   1420 |     74 |      0 |   1137 |   2 |  747.0 |
               +--------+--------+--------+--------+--------+-----+--------+

Top non-repeatable levels by time:
     D:1: 1361 daAuts
     D:2: 132 daAuts
